 Dungeon Crawl Stone Soup version 0.21.1-1-g345015fe64 (webtiles) character file.

637 LevaFresel the Chopper (level 7, -3/55 HPs)
             Began as a Human Fighter on June 22, 2018.
             Slain by Edmund
             ... wielding a +4 flail of protection
              (8 damage)
             ... on level 5 of the Dungeon.
             The game lasted 00:09:38 (3260 turns).

LevaFresel the Chopper (Human Fighter)              Turns: 3260, Time: 00:09:39

Health: -3/55      AC:  7    Str: 24    XL:     7   Next: 79%
Magic:  7/7        EV:  7    Int:  8    God:
Gold:   231        SH: 10    Dex: 12    Spells: 6/6 levels left

rFire    . . .     SeeInvis .   a - +0 war axe
rCold    . . .     Gourm    .   c - +0 shield
rNeg     . . .     Faith    .   b - +0 scale mail
rPois    .         Spirit   .   (no helmet)
rElec    .         Reflect  .   (no cloak)
rCorr    .         Harm     .   (no gloves)
MR       .....                  (no boots)
Stlth    ..........             (no amulet)
HPRegen  0.18/turn              (no ring)
MPRegen  0.10/turn              (no ring)

@: mighty
A: no striking features
a: no special abilities


You were on level 5 of the Dungeon.
You were near starving.

You visited 1 branch of the dungeon, and saw 5 of its levels.

You collected 231 gold pieces.

Inventory:

Hand Weapons
 a - a +0 war axe (weapon)
Armour
 b - a +0 scale mail (worn)
 c - a +0 shield (worn)
 u - a +0 plate armour
Jewellery
 o - an uncursed ring of ice {unknown}
Wands
 p - a wand of digging (14)
Scrolls
 e - 3 scrolls of identify {unknown}
 h - 2 scrolls of magic mapping {unknown}
 j - a scroll of blinking {unknown}
 l - a scroll of enchant armour {unknown}
 n - 5 scrolls of remove curse {unknown}
 q - 2 scrolls of teleportation {unknown}
 r - 3 scrolls of amnesia {unknown}
 v - a scroll of immolation {unknown}
Potions
 d - a potion of might
 g - 2 potions of curing {unknown}
 i - 2 potions of invisibility {unknown}
 k - 2 potions of heal wounds {unknown}
 m - a potion of degeneration {unknown}
 s - a potion of lignification {unknown}
 t - a potion of haste {unknown}
Comestibles
 f - 6 rations
 w - a chunk of flesh


   Skills:
 + Level 4.6 Fighting
 * Level 5.3 Axes
 + Level 4.5 Armour
 + Level 4.5 Shields


You had 6 spell levels left.
You didn't know any spells.

Dungeon Overview and Level Annotations

Branches:
Dungeon (5/15)
 Temple: D:4-7

Altars:
Elyvilon
Kikubaaqudgha
Trog
Yredelemnul

Annotations:
D:4 Sigmund
D:5 Dickchan's ghost, novice MfFi; Edmund


Message History

* * * LOW HITPOINT WARNING * * *
Your shield prevents you from hitting Edmund.
Edmund is moderately wounded.
You slash the crimson imp!
You kill the crimson imp!
You barely miss the worker ant. You block the worker ant's attack.
Edmund says, "People think my brother is the best.
I think he's crazy."
Edmund hits you but does no damage. The worker ant closely misses you.
You slash Edmund!
Edmund is severely wounded.
You hit the worker ant but do no damage.
Edmund hits you with a flail of protection!
* * * LOW HITPOINT WARNING * * *
You block the worker ant's attack. x2
You hit Edmund.
Edmund is severely wounded.
You slash the worker ant!
You kill the worker ant!
Edmund hits you with a flail of protection!
You die...

... ... #.#
#.# #.# #.#
#.# #@###
#.@W# ###.#
####.###
#......##.$.
#.##W.......
#.##.#.###..
#....#.###..
#.##.#......


You could see Edmund and Dickchan's ghost.

Vanquished Creatures
  Grinder (D:5)
  2 vampire bats (D:2)
  A crimson imp (D:5)
  A hound (D:4)
  2 orc wizards (D:4)
  2 worker ants
  4 gnolls
  8 adders
  2 oozes
  An adder zombie (D:3)
  A worm (D:3)
  2 dart slugs
  A leopard gecko (D:2)
  6 orcs
  2 bat skeletons (D:2)
  4 bat zombies (D:2)
  4 giant cockroaches
  9 goblins
  9 hobgoblins
  A quokka (D:3)
  2 ball pythons
  2 bats
  A frilled lizard (D:2)
  4 kobolds
  9 rats
81 creatures vanquished.

Notes
Turn   | Place    | Note
-------+----------+-------------------------------------------
     0 | D:1      | LevaFresel the Human Fighter began the quest for the Orb.
     0 | D:1      | Reached XP level 1. HP: 18/18 MP: 1/1
   207 | D:1      | Reached XP level 2. HP: 19/24 MP: 2/2
   845 | D:2      | Reached XP level 3. HP: 12/29 MP: 3/3
  1192 | D:2      | Found an ancient bone altar of Kikubaaqudgha.
  1204 | D:2      | Reached skill level 3 in Axes
  1204 | D:2      | Reached XP level 4. HP: 35/35 MP: 4/4
  1222 | D:2      | Reached XP level 5. HP: 34/41 MP: 5/5
  1928 | D:2      | Reached XP level 6. HP: 33/48 MP: 6/6
  2038 | D:2      | Reached skill level 4 in Axes
  2546 | D:3      | Found a white marble altar of Elyvilon.
  2756 | D:3      | Found a basalt altar of Yredelemnul.
  3113 | D:4      | Found a bloodstained altar of Trog.
  3152 | D:4      | Reached XP level 7. HP: 40/54 MP: 7/7
  3173 | D:4      | Noticed Sigmund
  3184 | D:5      | Entered Level 5 of the Dungeon
  3184 | D:5      | Noticed Grinder
  3186 | D:5      | Paralysed by Grinder for 2 turns
  3193 | D:5      | Paralysed by Grinder for 3 turns
  3196 | D:5      | Killed Grinder
  3196 | D:5      | Reached skill level 5 in Axes
  3201 | D:5      | Noticed Edmund
  3206 | D:5      | Noticed Dickchan's ghost (novice MfFi)
  3260 | D:5      | Slain by Edmund

Skill      XL: |  1  2  3  4  5  6  7 |
---------------+----------------------+-----
Axes           | 3 4 5 |  5.3
Fighting       | 4 |  4.6
Armour         | 4 |  4.5
Shields        | 4 |  4.5

Action                   |  1- 3 |  4- 6 |  7- 9 || total
-------------------------+-------+-------+-------++-------
Melee: War axe           |    59 |   212 |    21 ||   292
  Use: Potion            |       |       |     2 ||     2
  Eat: Chunk             |       |     3 |       ||     3
       Ration            |       |     1 |       ||     1
Armor: Scale mail        |    60 |   109 |     7 ||   176
Dodge: Dodged            |    27 |    60 |     4 ||    91
Block: Shield            |    50 |    98 |     8 ||   156
